 Dungeon Crawl Stone Soup version 0.31.0-9-g3a7656b989 (webtiles) character file.

Game seed: 8243595779144633065

358 Kass the Ruffian (level 6, 0/47 HPs)
             Began as a Gnoll Shapeshifter on Jan 28, 2024.
             Was an Elder of Jiyva.
             Slain by an ogre
             ... wielding a +0 giant spiked club
              (32 damage)
             ... on level 5 of the Dungeon.
             The game lasted 00:07:51 (2301 turns).

Kass the Ruffian (Gnoll Shapeshifter)               Turns: 2301, Time: 00:07:51

Health: 0/47       AC:  2    Str: 14    XL:     6   Next: 64%
Magic:  9/9        EV: 13    Int: 11    God:    Jiyva [****..]
Gold:   97         SH:  0    Dex: 11    Spells: 9/9 levels left

rFire   . . .        e - +1 hand axe (elec)
rCold   . . .        (no shield)
rNeg    . . .        a - +0 animal skin
rPois   .            (helmet currently unavailable)
rElec   .            (cloak currently unavailable)
rCorr   +            (gloves currently unavailable)
SInv    .            (boots currently unavailable)
Will    .....        (no amulet)
Stlth   ++           (no ring)
HPRegen 1.55/turn    (no ring)
MPRegen 0.75/turn

%: no passive effects
@: beast-form
A: beast (slay +3), fangs 1, strong nose, distributed training
a: Begin Untransformation, Renounce Religion, Oozemancy, Slimify


You were on level 5 of the Dungeon.
You worshipped Jiyva.
Jiyva was greatly pleased with you.
You were a hulking beast.
You visited 1 branch of the dungeon, and saw 5 of its levels.

You collected 97 gold pieces.

Inventory:

Hand Weapons
 e - a +1 hand axe of electrocution (weapon)
Missiles
 f - 3 boomerangs (quivered)
 n - 18 poisoned darts
Armour
 a - a +0 animal skin (worn)
 u - a +1 cloak
Talismans
 c - a beast talisman
 d - a flux talisman
Scrolls
 h - a scroll of butterflies {unknown}
 j - 4 scrolls of identify {unknown}
 m - a scroll of teleportation {unknown}
 o - 3 scrolls of fear {unknown}
 q - a scroll of immolation {unknown}
 r - 2 scrolls of vulnerability {unknown}
 s - a scroll of blinking {unknown}
Potions
 b - 2 potions of lignification
 g - 5 potions of curing {unknown}
 i - 2 potions of brilliance {unknown}
 k - a potion of ambrosia {unknown}
 l - a potion of heal wounds {unknown}
 p - 3 potions of attraction {unknown}
 t - a potion of enlightenment {unknown}


   Skills:
 + Level 3.3 Fighting
 + Level 2.1 Short Blades
 + Level 2.1 Long Blades
 + Level 2.1 Axes
 + Level 2.1 Maces & Flails
 + Level 2.1 Polearms
 + Level 2.1 Staves
 + Level 2.1 Ranged Weapons
 + Level 2.1 Throwing
 + Level 2.1 Armour
 + Level 5.0 Dodging
 + Level 2.1 Stealth
 + Level 2.1 Shields
 + Level 6.9 Unarmed Combat
 + Level 2.1 Spellcasting
 + Level 1.7 Conjurations
 + Level 1.7 Hexes
 + Level 1.7 Summonings
 + Level 1.7 Necromancy
 + Level 1.7 Translocations
 + Level 1.7 Fire Magic
 + Level 1.7 Ice Magic
 + Level 1.7 Air Magic
 + Level 1.7 Earth Magic
 + Level 1.7 Alchemy
 + Level 2.3 Invocations
 + Level 2.1 Evocations
 + Level 6.8 Shapeshifting


You had 9 spell levels left.
You didn't know any spells.
Your spell library contained the following spells:

 Spells                   Type           Power      Damage    Failure   Level
 Tukima's Dance           Hex            4%         N/A       38%         3
 Dimensional Bullseye     Hex/Tloc       2%         N/A       80%         4
 Iskenderun's Mystic Bla  Conj/Tloc      4%         2d3       80%         4
 Conjure Ball Lightning   Conj/Air       2%         3x3d6     100%        6
 Discord                  Hex            2%         N/A       100%        8
 Disjunction              Tloc           2%         N/A       100%        8


Dungeon Overview and Level Annotations

Branches:
Dungeon (5/15)
 Temple: D:4-7

Altars:
Gozag
Jiyva


Innate Abilities, Weirdness & Mutations

You are a hulking beast.
Your limbs bulge with bestial killing power. (Slay +3)
You have very sharp teeth.
Your uncanny sense of smell can sniff out nearby items.
Your experience applies equally to all skills.


Message History

Your Spellcasting skill increases to level 2!
Your Evocations skill increases to level 2!
Magic restored.
You hear a distant slurping noise.
You see here a +0 dagger.
You hear a distant slurping noise.
An adder comes into view.
The adder hisses angrily.
The adder bites you but does no damage.
You barely miss the adder. The adder closely misses you.
You closely miss the adder. The adder bites you.
You are poisoned.
The adder poisons you! The adder closely misses you.
You miss the adder.
You feel sick. The adder closely misses you.
You barely miss the adder.
You feel sick. The adder barely misses you. The adder closely misses you.
You hit the adder.
The adder is heavily wounded.
You feel sick. The adder bites you. x2
You slash the adder! Lightning courses through the adder!!
You kill the adder!
You feel sick.
You are no longer poisoned.
No target in view!
Found an emerald potion.
You see here a +1 cloak.
u - a +1 cloak
Okay, then.
You can't wear that in your present form.
You see here a +0 whip.
You now have 97 gold pieces (gained 11).
An ogre comes into view. It is wielding a +0 giant spiked club.
The ogre shouts!
Found a hand axe.
The ogre hits you with a +0 giant spiked club!
You hit the ogre.
The ogre is lightly wounded.
The ogre hits you with a +0 giant spiked club!!
Ouch! That really hurt!
You die...

#.# #.### ∆ #. #....
##+##+## #####
#......# ..# ∆#......#
#.# #......# #.#
#...!..# #.#
#..O...###########.#
####.h...)............
#.......############.#
#.......# #.....###.#
#.......# #.........#
#.......# #.....#####
#.......# #.#####
#.......####.#
#...)....)...#
#......#######


You could see an ogre.

Vanquished Creatures
  A black bear (D:5)
  A centaur (D:5)
  A scorpion (D:5)
  Jessica (D:2)
  3 gnolls (D:3)
  3 adders
  A dart slug (D:3)
  A ribbon worm (D:2)
  2 orcs
  5 bats
  An endoplasm (D:1)
  6 goblins
  3 hobgoblins
  2 quokkas
  3 ball pythons
  4 frilled lizards
  2 kobolds
  3 rats
43 creatures vanquished.

Vanquished Creatures (others)
  A bombardier beetle (D:4)
  2 gnolls (D:5)
  A ball python (D:2)
  A giant cockroach (D:4)
  2 hobgoblins (D:4)
  A kobold (D:2)
8 creatures vanquished.

Grand Total: 51 creatures vanquished

Notes
Turn   | Place    | Note
-------+----------+-------------------------------------------
     0 | D:1      | Kass the Gnoll Shapeshifter began the quest for the Orb.
     0 | D:1      | Reached XP level 1. HP: 17/17 MP: 1/1
   179 | D:1      | Reached XP level 2. HP: 22/23 MP: 2/2
   183 | D:1      | Found a faded altar of an unknown god.
   194 | D:1      | Prayed at the altar of an unknown god.
   194 | D:1      | Became a worshipper of Jiyva Jossor the Shapeless
   194 | D:1      | Reached * piety under Jiyva
   435 | D:1      | Reached ** piety under Jiyva
   840 | D:2      | Noticed Jessica
   845 | D:2      | Killed Jessica
   846 | D:2      | Reached skill level 1 in Short Blades
   846 | D:2      | Reached skill level 1 in Long Blades
   846 | D:2      | Reached skill level 1 in Axes
   846 | D:2      | Reached skill level 1 in Maces & Flails
   846 | D:2      | Reached skill level 1 in Polearms
   846 | D:2      | Reached skill level 1 in Staves
   846 | D:2      | Reached skill level 1 in Ranged Weapons
   846 | D:2      | Reached skill level 1 in Throwing
   846 | D:2      | Reached skill level 1 in Armour
   846 | D:2      | Reached skill level 1 in Stealth
   846 | D:2      | Reached skill level 1 in Shields
   846 | D:2      | Reached skill level 1 in Spellcasting
   846 | D:2      | Reached skill level 1 in Invocations
   846 | D:2      | Reached skill level 1 in Evocations
   846 | D:2      | Reached XP level 3. HP: 28/28 MP: 2/4
  1256 | D:3      | Reached XP level 4. HP: 34/34 MP: 5/5
  1307 | D:3      | Reached *** piety under Jiyva
  1311 | D:3      | Found an opulent altar of Gozag.
  1439 | D:3      | Reached skill level 1 in Conjurations
  1439 | D:3      | Reached skill level 1 in Hexes
  1439 | D:3      | Reached skill level 1 in Summonings
  1439 | D:3      | Reached skill level 1 in Necromancy
  1439 | D:3      | Reached skill level 1 in Translocations
  1439 | D:3      | Reached skill level 1 in Fire Magic
  1439 | D:3      | Reached skill level 1 in Ice Magic
  1439 | D:3      | Reached skill level 1 in Air Magic
  1439 | D:3      | Reached skill level 1 in Earth Magic
  1439 | D:3      | Reached skill level 1 in Alchemy
  1922 | D:4      | Reached XP level 5. HP: 40/40 MP: 7/7
  1976 | D:4      | Reached **** piety under Jiyva
  2148 | D:5      | Entered Level 5 of the Dungeon
  2148 | D:5      | Noticed a centaur
  2152 | D:5      | Killed a centaur
  2162 | D:5      | Reached skill level 5 in Dodging
  2162 | D:5      | Reached XP level 6. HP: 17/47 MP: 8/8
  2253 | D:5      | Noticed a black bear
  2261 | D:5      | Killed a black bear
  2301 | D:5      | Slain by an ogre

Illustrated notes

Levels and vault maps discovered:
D:1:      ncdulo_smallfort, layout_loops_ring,
          ebering_ecumenical_altar_sacrificial
D:2:      layout_rooms, serial_curves, eino_curves_02, eino_curves_03,
          ebering_dispersal_statue_hall, nicolae_figureground_sparkle,
          uniq_jessica
D:3:      layout_rooms, lemuel_round_altar
D:4:      layout_basic, minmay_misc_feat_diagonals, serial_park_tiny_pond
D:5:      layout_basic, zin_treasury, uniq_duvessa

Skill      XL: |  1  2  3  4  5  6 |
---------------+-------------------+-----
Short Blades   | 1 2 |  2.1
Long Blades    | 1 2 |  2.1
Axes           | 1 2 |  2.1
Maces & Flails | 1 2 |  2.1
Polearms       | 1 2 |  2.1
Staves         | 1 2 |  2.1
Ranged Weapons | 1 2 |  2.1
Throwing       | 1 2 |  2.1
Armour         | 1 2 |  2.1
Stealth        | 1 2 |  2.1
Shields        | 1 2 |  2.1
Spellcasting   | 1 2 |  2.1
Invocations    | 1 2 |  2.3
Evocations     | 1 2 |  2.1
Conjurations   | 1 |  1.7
Hexes          | 1 |  1.7
Summonings     | 1 |  1.7
Necromancy     | 1 |  1.7
Translocations | 1 |  1.7
Fire Magic     | 1 |  1.7
Ice Magic      | 1 |  1.7
Air Magic      | 1 |  1.7
Earth Magic    | 1 |  1.7
Alchemy        | 1 |  1.7
Fighting       | 3 |  3.3
Dodging        | 5 |  5.0
Unarmed Combat | |  6.9
Shapeshifting  | |  6.8

Action                     |  1- 3 |  4- 6 || total
---------------------------+-------+-------++-------
  Melee: Hand axe          |    35 |    51 ||    86
         Unarmed           |     5 |       ||     5
         Bite              |     2 |     5 ||     7
         Punch             |       |     1 ||     1
  Throw: Boomerang         |       |     2 ||     2
   Stab: Sleeping          |     1 |     3 ||     4
 Armour: Animal skin       |    15 |    40 ||    55
  Dodge: Dodged            |    27 |    37 ||    64
